 Dungeon Crawl Stone Soup version 0.26.1-11-gd32895ea62 (webtiles) character file.

Game seed: 1430123136173081697

1117 Zeld the Chucker (level 8, -9/52 HPs)
             Began as an Octopode Fighter on May 11, 2021.
             Mangled by Menkaure (18 damage)
             ... on level 5 of the Dungeon.
             The game lasted 00:06:10 (7581 turns).

Zeld the Chucker (Octopode Fighter)                 Turns: 7581, Time: 00:06:11

Health: -9/52      AC:  1    Str: 17    XL:     8   Next: 34%
Magic:  16/16      EV: 11    Int: 11    God:
Gold:   147        SH:  9    Dex: 11    Spells: 18/18 levels left

rFire    . . .     SeeInvis .   a - +0 war axe
rCold    . . .     Faith    .   b - +0 kite shield
rNeg     . . .     Spirit   .   (helmet restricted)
rPois    .         Reflect  .   (no amulet)
rElec    .         Harm     .   (no ring)
rCorr    .         Rampage  .   (no ring)
Will     .....                  (no ring)
Stlth    ++........             (no ring)
HPRegen  0.17/turn              (no ring)
MPRegen  0.15/turn              (no ring)
                                (no ring)
                                (no ring)

@: no status effects
A: almost no armour, stealthy swim, amphibious, 8 rings, constrict 8, camouflage
1, gelatinous body 1
a: no special abilities


You were on level 5 of the Dungeon.
You visited 1 branch of the dungeon, and saw 5 of its levels.

You collected 147 gold pieces.

Inventory:

Hand Weapons
 a - a +0 war axe (weapon)
Missiles
 l - 30 poisoned darts (quivered)
 t - 2 boomerangs
Armour
 b - a +0 kite shield (worn)
Jewellery
 i - a +6 ring of intelligence {unknown}
 u - an uncursed ring of resist corrosion {unknown}
Wands
 p - a wand of disintegration (14)
 q - a wand of iceblast (8)
Scrolls
 d - a scroll of fog {unknown}
 e - 3 scrolls of identify {unknown}
 f - 5 scrolls of remove curse {unknown}
 k - 2 scrolls of enchant weapon {unknown}
 m - a scroll of enchant armour {unknown}
 s - a scroll of blinking {unknown}
 v - a scroll of random uselessness {unknown}
 x - 2 scrolls of amnesia {unknown}
Potions
 c - a potion of might
 g - 2 potions of degeneration {unknown}
 h - a potion of haste {unknown}
 j - a potion of brilliance {unknown}
 n - a potion of magic {unknown}
 o - 3 potions of flight {unknown}
 r - 2 potions of attraction {unknown}
 w - a potion of curing


   Skills:
 - Level 3.5 Fighting
 - Level 2.7 Axes
 * Level 6.1 Throwing
 - Level 3.0 Dodging
 - Level 3.5 Shields
 * Level 5.6 Spellcasting


You had 18 spell levels left.
You didn't know any spells.
Your spell library was empty.

Dungeon Overview and Level Annotations

Branches:
Dungeon (5/15)
 Temple: D:4-7

Altars:
Dithmenos
Fedhas
Hepliaklqana
Zin

Shops:
D:4 =

Annotations:
D:5 Menkaure


Innate Abilities, Weirdness & Mutations

You cannot wear most types of armour.
You are very stealthy in the water. (Stealth+)
You are amphibious.
You can wear up to eight rings at the same time.
You can use your tentacles to constrict eight enemies at once.
Your skin changes colour to match your surroundings (Stealth+).
Your rubbery body absorbs attacks. (AC +1, EV +1)


Message History

* * * LOW HITPOINT WARNING * * *
The centaur hits you.
* * * LOW HITPOINT WARNING * * *
Menkaure casts a spell.
Menkaure seems to speed up.
You hit the centaur but do no damage. You squeeze the centaur.
You kill the centaur!
Menkaure points at you and mumbles some strange words.
Pain shoots through your body!
* * * LOW HITPOINT WARNING * * *
Unknown command.
You feel better.
Menkaure points at you and mumbles some strange words.
You struggle to resist.
You feel better. Menkaure hits you.
Menkaure gestures at you while chanting.
Pain shoots through your body!
* * * LOW HITPOINT WARNING * * *
You feel better. Menkaure hits you!!
You die...

..... #.###.# #.# ...
#.##..# #.# #+# #.##.##
#.# #(# #.##.# #.# #.#
#####†##.####.# # ##.##
#.............# #
##.###...###.###.##.######
# ...........M.# #.##.# #
.#.###..†###@###.##.# #
##.## #(....##.# # #.#
###......# # #.# ########
# #.# # #.# # #.# ###


You could see Menkaure (fast).

Vanquished Creatures
  Grinder (D:3)
  A sky beast (D:5)
  An ogre (D:5)
  A centaur (D:5)
  A bullfrog (D:4)
  A scorpion (D:5)
  3 orc priests
  2 hounds
  A bullfrog skeleton (D:5)
  2 orc wizards (D:3)
  Natasha (thrice) (D:2)
  2 iguanas
  Robin (D:3)
  3 gnolls (D:4)
  5 adders
  A shadow imp (D:5)
  An adder skeleton (D:4)
  3 worms
  A dart slug (D:1)
  A leopard gecko (D:5)
  11 orcs
  4 giant cockroaches
  10 goblins
  11 hobgoblins
  13 jackals
  4 quokkas
  A ball python (D:2)
  10 bats
  4 frilled lizards
  9 kobolds
  A quokka skeleton (D:5)
  7 rats
120 creatures vanquished.

Vanquished Creatures (others)
  10 plants (D:3)
10 creatures vanquished.

Grand Total: 130 creatures vanquished

Notes
Turn   | Place    | Note
-------+----------+-------------------------------------------
     0 | D:1      | Zeld the Octopode Fighter began the quest for the Orb.
     0 | D:1      | Reached XP level 1. HP: 16/16 MP: 1/1
   275 | D:1      | Reached XP level 2. HP: 21/21 MP: 2/2
   844 | D:2      | Reached XP level 3. HP: 13/26 MP: 3/3
  1735 | D:2      | Found a glowing silver altar of Zin.
  1735 | D:2      | Noticed Natasha
  1740 | D:2      | Killed Natasha
  1741 | D:2      | Reached skill level 1 in Throwing
  1741 | D:2      | Reached XP level 4. HP: 28/31 MP: 3/5
  1766 | D:2      | Reached skill level 1 in Spellcasting
  1965 | D:2      | Noticed Natasha
  1970 | D:2      | Killed Natasha
  1995 | D:2      | Noticed Natasha
  2001 | D:2      | Killed Natasha
  2002 | D:2      | Reached skill level 2 in Throwing
  2002 | D:2      | Reached XP level 5. HP: 17/36 MP: 7/7
  3339 | D:3      | Reached skill level 3 in Throwing
  3339 | D:3      | Reached XP level 6. HP: 21/42 MP: 8/10
  3786 | D:3      | Noticed Grinder
  3795 | D:3      | Killed Grinder
  3796 | D:3      | Reached skill level 4 in Throwing
  3928 | D:3      | Reached XP level 7. HP: 46/46 MP: 12/12
  4246 | D:3      | Noticed Robin
  4253 | D:3      | Killed Robin
  5707 | D:4      | Reached skill level 5 in Throwing
  6162 | D:4      | Found Jighih's Jewellery Shop.
  6542 | D:5      | Entered Level 5 of the Dungeon
  6729 | D:5      | Reached XP level 8. HP: 14/52 MP: 15/15
  7031 | D:5      | Reached skill level 5 in Spellcasting
  7238 | D:5      | Found a blossoming altar of Fedhas.
  7295 | D:5      | Found a hazy altar of Hepliaklqana.
  7300 | D:5      | Found a shadowy altar of Dithmenos.
  7300 | D:5      | Noticed a shadow
  7522 | D:5      | Reached skill level 6 in Throwing
  7560 | D:5      | Noticed Menkaure
  7581 | D:5      | Mangled by Menkaure

Illustrated notes

Levels and vault maps discovered:
D:1:      giann_wishing_wells, layout_basic, minmay_misc_feat_encased
D:2:      layout_loops_ring, old_standard_altar, minmay_pentomino_w4,
          uniq_natasha
D:3:      layout_basic, guppyfry_early_lair_pool, uniq_robin, uniq_grinder
D:4:      layout_layer_cave, serial_shops, nicolae_shop_stone,
          minmay_misc_feat_five
D:5:      layout_loops_corners, riverfiend_overflow_shadow_ancestor,
          fedhas_ov_isle_minmay, uniq_menkaure

Skill      XL: |  1  2  3  4  5  6  7  8 |
---------------+-------------------------+-----
Throwing       | 1 2 3 4 5 6 |  6.1
Spellcasting   | 1 2 3 4 5 |  5.6
Fighting       | |  3.5
Axes           | |  2.7
Dodging        | |  3.0
Shields        | |  3.5

Action                   |  1- 3 |  4- 6 |  7- 9 || total
-------------------------+-------+-------+-------++-------
Melee: War axe           |    52 |    76 |   104 ||   232
       Constrict         |    16 |    21 |    21 ||    58
       Tentacles         |     6 |    17 |    15 ||    38
Throw: Dart              |       |       |     1 ||     1
Evoke: Wand              |       |       |     1 ||     1
  Use: Potion            |       |       |     5 ||     5
 Stab: Sleeping          |     5 |     4 |     7 ||    16
Armor: Skin              |     3 |     6 |     5 ||    14
Dodge: Dodged            |    29 |    49 |    33 ||   111
Block: Kite shield       |    17 |    28 |    33 ||    78
